 Dungeon Sprint DCSS version 0.22.1-1-ga44c0e56f4 (webtiles) character file.

22 MuseOD the Covert (level 6, -4/34 HPs)
             Began as a Spriggan Enchanter on Sept 23, 2018.
             Was a Priest of Dithmenos.
             Killed from afar by a rime drake (16 damage)
             ... with a flash freeze
             ... in the Dungeon (Sprint VI: "Thunderdome").
             The game lasted 00:03:07 (570 turns).

MuseOD the Covert (Spriggan Enchanter)               Turns: 570, Time: 00:03:07

Health: -4/34      AC:  2    Str:  4    XL:     6   Next: 22%
Magic:  1/14       EV: 18    Int: 18    God:    Dithmenos [***...]
Gold:   240        SH:  0    Dex: 17    Spells: 5/14 levels left

rFire    . . .     SeeInvis +   a - +1 dagger
rCold    . . .     Gourm    .   (shield restricted)
rNeg     . . .     Faith    .   b - +0 robe
rPois    .         Spirit   .   (helmet restricted)
rElec    .         Reflect  .   (no cloak)
rCorr    .         Harm     .   (gloves unavailable)
MR       +....     NoTele   +   (boots unavailable)
Stlth    +++++++...             (no amulet)
HPRegen  0.11/turn              (no ring)
MPRegen  0.14/turn              (no ring)

@: wreathed by umbra, very quick
A: very small, unfitting armour, see invisible, herbivore, speed 3, slow
metabolism 2
a: Shadow Step, Renounce Religion


You were in the Dungeon.
You worshipped Dithmenos.
Dithmenos was most pleased with you.
You were not hungry.

You visited 1 branch You collected 240 gold pieces.

Inventory:

Hand Weapons
 a - a +1 dagger (weapon)
Armour
 b - a +0 robe (worn)
Wands
 k - a wand of acid (1)
 l - a wand of iceblast (2)
Scrolls
 j - 4 scrolls of blinking
 m - 3 scrolls of fog
Potions
 c - a potion of resistance
 e - a potion of curing
 f - 4 potions of heal wounds
 g - 4 potions of haste
 h - 2 potions of magic
 i - a potion of berserk rage
Comestibles
 d - a ration


   Skills:
 - Level 4.4 Fighting
 + Level 9.5 Short Blades
 - Level 3.0 Dodging
 + Level 11.0 Stealth
 + Level 4.9 Spellcasting
 + Level 5.5 Hexes


You had 5 spell levels left.
You knew the following spells:

 Your Spells              Type           Power        Failure   Level  Hunger
a - Corona                Hex            ###....      1%          1    None
b - Ensorcelled Hibernat  Hex/Ice        ##....       6%          2    #......
c - Confuse               Hex            ###.....     4%          3    ###....
d - Dazzling Spray        Conj/Hex       ##....       13%         3    ###....

Your spell library contained the following spells:

 Spells                   Type           Power        Failure   Level  Hunger
 Tukima's Dance           Hex            ###.....     4%          3    ###....


Dungeon Overview and Level Annotations

Branches:
Dungeon (1/1)

Altars:
Cheibriados
Dithmenos
Fedhas
Gozag
Kikubaaqudgha
Makhleb
Okawaru
Qazlal
Ru
Sif Muna
Trog
Uskayaw
Vehumet
Wu Jian
Xom
Yredelemnul
Zin
The Shining One
Beogh
Jiyva
Lugonu

Shops:
D *[%??*?*:[((!!!!


Innate Abilities, Weirdness & Mutations

You are very small and have problems with some larger weapons.
You are too small for most types of armour.
You have supernaturally acute eyesight. (SInv)
You are a herbivore.
You cover ground extremely quickly.
You need to consume almost no food.


Message History

Aim: an ice beast (umbra, chance to defeat MR: 48%)
The ice beast appears confused.
The rime drake breathes ice at you. The flash freeze misses you.
You hit the ice beast.
The ice beast is lightly wounded.
You catch the helpless ice beast completely off-guard!
You impale the ice beast!!
You kill the ice beast!
Dithmenos accepts your kill.
Your Stealth skill increases to level 11!
Your Spellcasting skill increases to level 4!
Your Hexes skill increases to level 5!
You have reached level 6!
Your experience leads to an increase in your attributes!
Increase (S)trength, (I)ntelligence, or (D)exterity?
You feel clever. The rime drake breathes ice at you. The flash freeze hits you!
You die...

##∩___..)...###.......__∩##
#∩........8.# #.8........∩###
........[)..###k............#
......(..###...###k.........⌠#
.........# #.<.# #..........⌠#
........E###...###..........⌠#
........)...###E............##
#∩........8.# #.8........∩###
##∩_._......###.@....___∩##
######.8.......).8.######
#⌠...........⌠#
###.........### #_......._#
#_......._# #_......._#
#∩.......∩# ##∩.....∩##


You could see a water elemental and a rime drake.

Vanquished Creatures
  Sigmund (D)
  An ice beast (D)
  A howler monkey (D)
  4 gnolls (D)
  An adder simulacrum (D)
  A giant cockroach (D)
  A hobgoblin (D)
  A bat simulacrum (D)
  A kobold (D)
12 creatures vanquished.

Notes
Turn   | Place    | Note
-------+----------+-------------------------------------------
     0 | D        | MuseOD the Spriggan Enchanter began the quest for the Orb.
     0 | D        | Reached XP level 1. HP: 9/9 MP: 5/5
     3 | D        | Found a hide-covered altar of Uskayaw.
     3 | D        | Found a radiant altar of Vehumet.
     4 | D        | Found a deep blue altar of Sif Muna.
     4 | D        | Found a sacrificial altar of Ru.
     5 | D        | Found a burning altar of Makhleb.
     5 | D        | Found a shimmering altar of Xom.
     6 | D        | Found Ebly's Do-It-Yourself Clinic.
     6 | D        | Found a shadowy altar of Dithmenos.
     6 | D        | Found Venogawn's Distillery.
     7 | D        | Found Xihiys's Bottled Wisdom.
     7 | D        | Found Xera Tik's Distillery.
     9 | D        | Found a glowing silver altar of Zin.
     9 | D        | Round 1.
    13 | D        | Became a worshipper of Dithmenos the Shadowed
    16 | D        | Found an ancient bone altar of Kikubaaqudgha.
    17 | D        | Found a glowing golden altar of the Shining One.
    17 | D        | Found Xeninig's Staff Store.
    19 | D        | Found a bloodstained altar of Trog.
    19 | D        | Found a roughly hewn altar of Beogh.
    19 | D        | Found Izeudyod's Magic Scroll Shop.
    19 | D        | Found Fod Cem's Must-Have Magic.
    19 | D        | Found Idehuji's Magic Scroll Shop.
    23 | D        | Found an ornate altar of the Wu Jian Council.
    24 | D        | Found a basalt altar of Yredelemnul.
    25 | D        | Found a snail-covered altar of Cheibriados.
    26 | D        | Found Kyra Kad's Delicious Food.
    27 | D        | Found Labbaat's Jewellery.
    27 | D        | Found Ageycsin's Advanced Armour.
    27 | D        | Found a stormy altar of Qazlal.
    27 | D        | Found a blossoming altar of Fedhas.
    27 | D        | Found Kentor's Identification Station.
    80 | D        | Found a corrupted altar of Lugonu.
    83 | D        | Found an iron altar of Okawaru.
    84 | D        | Found an opulent altar of Gozag.
    84 | D        | Found Ziucyoqe's Premium Goods.
    85 | D        | Found Vewumme's Miscellaneous Merchandise.
    85 | D        | Found Poli's Basic Armour.
    86 | D        | Found a viscous altar of Jiyva.
    86 | D        | Found Mefuseil's Weapon Rack.
   160 | D        | Noticed a howler monkey
   167 | D        | Killed a howler monkey
   167 | D        | Reached * piety under Dithmenos
   167 | D        | Reached skill level 5 in Short Blades
   167 | D        | Reached skill level 6 in Stealth
   167 | D        | Reached XP level 2. HP: 11/16 MP: 6/6
   167 | D        | Reached XP level 3. HP: 13/19 MP: 8/8
   170 | D        | Noticed Sigmund
   183 | D        | Killed Sigmund
   183 | D        | Arena points: 12 (+12) [x2]
   183 | D        | Reached skill level 9 in Stealth
   183 | D        | Reached XP level 4. HP: 9/26 MP: 9/9
   183 | D        | Reached XP level 5. HP: 10/30 MP: 10/10
   188 | D        | Learned a level 2 spell: Ensorcelled Hibernation
   192 | D        | Learned a level 3 spell: Confuse
   196 | D        | Learned a level 3 spell: Dazzling Spray
   237 | D        | Round 2.
   357 | D        | Reached ** piety under Dithmenos
   375 | D        | Noticed Crazy Yiuf
   405 | D        | Reached skill level 10 in Stealth
   493 | D        | Arena points: 22 (+10) [x1]
   508 | D        | Round 3.
   535 | D        | Reached *** piety under Dithmenos
   550 | D        | Noticed a rime drake
   553 | D        | Noticed an ice beast
   553 | D        | Noticed a water elemental
   563 | D        | Killed an ice beast
   563 | D        | Reached skill level 11 in Stealth
   563 | D        | Reached skill level 5 in Hexes
   563 | D        | Reached XP level 6. HP: 12/34 MP: 0/14
   570 | D        | Killed from afar by a rime drake

Skill      XL: |  1  2  3  4  5 |
---------------+----------------+-----
Short Blades   | 5 8 9 |  9.5
Fighting       | 2 4 |  4.4
Stealth        | 6 9 11 | 11.0
Spellcasting   | 4 |  4.9
Hexes          | 5 |  5.5
Dodging        | |  3.0

Action                   |  1- 3 |  4- 6 || total
-------------------------+-------+-------++-------
Melee: Dagger            |    13 |    30 ||    43
 Cast: Confuse           |       |     8 ||     8
       Ensorcelled Hiber |       |     4 ||     4
Evoke: Wand              |     4 |     3 ||     7
 Stab: Confused          |       |     3 ||     3
       Sleeping          |       |     1 ||     1
Armor: Robe              |       |     1 ||     1
Dodge: Dodged            |     8 |    13 ||    21
